 Dungeon Crawl Stone Soup version 0.32-a0-30-gefbe487952 (webtiles) character file.

Game seed: 6080452974143778799

61 jasper the Cudgeller (level 3, 0/30 HPs)
             Began as an Armataur Cinder Acolyte on Jan 19, 2024.
             Was a High Priest of Ignis.
             Slain by a ribbon worm (4 damage)
             ... on level 2 of the Dungeon.
             The game lasted 00:07:08 (1560 turns).

jasper the Cudgeller (Armataur Cinder Acolyte)      Turns: 1560, Time: 00:07:09

Health: 0/30       AC: 15    Str: 21    XL:     3   Next: 83%
Magic:  4/4        EV:  6    Int: 14    God:    Ignis [*****.]
Gold:   57         SH:  0    Dex:  5    Spells: 4/4 levels left

rFire   + . .        l - +0 flail
rCold   . . .        (no shield)
rNeg    . . .        g - +0 chain mail
rPois   .            o - +0 helmet
rElec   .            (no cloak)
rCorr   .            (no gloves)
SInv    .            (no barding)
Will    .....        (no amulet) Stlth
                     (no ring)
HPRegen 0.25/turn    (no ring)
MPRegen 0.09/turn

%: roll
@: fiery-armoured
A: large, deformed body, tough skin 3, armoured tail, roll 1
a: Renounce Religion, Fiery Armour, Foxfire Swarm, Rising Flame


You were on level 2 of the Dungeon.
You worshipped Ignis.
Ignis was extremely pleased with you.
You visited 1 branch of the dungeon, and saw 2 of its levels.

You collected 57 gold pieces.

Inventory:

Hand Weapons
 a - a -1 mace of flaming
 e - a +2 sling of electrocution
 l - a +0 flail (weapon)
Missiles
 n - 2 boomerangs (quivered)
Armour
 b - a +0 robe
 g - a +0 chain mail (worn)
 o - a +0 helmet (worn)
Scrolls
 d - a scroll of fear {unknown}
 f - 2 scrolls of amnesia {unknown}
 i - 2 scrolls of identify {unknown}
 k - a scroll of noise {unknown}
 m - a scroll of blinking {unknown}
Potions
 c - a potion of mutation {unknown}
 h - a potion of attraction {unknown}
 j - 2 potions of heal wounds {unknown}


   Skills:
 - Level 2.6 Fighting
 + Level 4.4 Maces & Flails
 - Level 1.0 Spellcasting
 - Level 2.6 Fire Magic


You had 4 spell levels left.
You didn't know any spells.
Your spell library contained the following spells:

 Spells                   Type           Power      Damage    Failure   Level
 Scorch                   Fire           16%        2d5       71%         2
 Hailstorm                Conj/Ice       0%         3d5       99%         3
 Summon Ice Beast         Ice/Summ       0%         N/A       99%         3
 Sculpt Simulacrum        Ice/Alch       0%         N/A       100%        6


Dungeon Overview and Level Annotations

Branches:
Dungeon (2/15)

Altars:


Innate Abilities, Weirdness & Mutations

Armour fits poorly on your strangely shaped body.
You have extremely tough skin. (AC +3)
You have a long armoured tail.
You regenerate magic when rolling toward enemies. (Rampage MPRegen)


Message History

The ribbon worm bites you but does no damage.
The ribbon worm is burned by your cloak of flames.
The ribbon worm is moderately wounded.
The web tears apart.
The ribbon worm barely misses you.
The ribbon worm bites you but does no damage.
The ribbon worm is burned by your cloak of flames.
The ribbon worm is moderately wounded.
You barely miss the ribbon worm. You tail-slap the ribbon worm.
The ribbon worm is heavily wounded.
The ribbon worm bites you but does no damage.
The ribbon worm is burned by your cloak of flames.
The ribbon worm is severely wounded.
You barely miss the ribbon worm.
The ribbon worm is severely wounded.
The ribbon worm bites you but does no damage.
The ribbon worm is burned by your cloak of flames.
The ribbon worm is severely wounded.
The ribbon worm expels a string of sticky webbing.
The stream of webbing hits you but does no damage.
You are caught in a web!
The web tears apart.
The ribbon worm expels a string of sticky webbing.
The stream of webbing hits you but does no damage.
You are caught in a web!
The ribbon worm expels a string of sticky webbing.
The stream of webbing hits you but does no damage.
You are even more entangled.
The web tears apart.
The ribbon worm bites you.
* * * LOW HITPOINT WARNING * * *
The ribbon worm is burned by your cloak of flames.
The ribbon worm is severely wounded.
The ribbon worm bites you.
* * * LOW HITPOINT WARNING * * *
The ribbon worm is burned by your cloak of flames.
The ribbon worm is severely wounded.
You take 8 damage, and have 4/30 hp.
MASSIVE DAMAGE!!
You hit the ribbon worm.
You kill the ribbon worm!
The ribbon worm bites you.
You die...

###.#.....# #......#
..#.#.....###......#
..#.########.......#
..#..............###
..#######........#
....##...........#
#...++...........#
#...##..........w#
#.####..........@#
#.......#######'##
#.......# #.# #
#....†..# #.###.#
#.......##### #<....#
............###.....###
#####.......##.......w..
#..##.####.#####.....
#..##.####.# ##..#


You could see a ribbon worm (catching breath).

Vanquished Creatures
  A gnoll (D:1)
  An adder (D:2)
  A ribbon worm (D:2)
  7 bats
  3 endoplasms
  4 hobgoblins (D:1)
  8 jackals
  A quokka (D:1)
  3 ball pythons
  4 frilled lizards
  3 goblins
  2 kobolds (D:1)
  2 rats
40 creatures vanquished.

Notes
Turn   | Place    | Note
-------+----------+-------------------------------------------
     0 | D:1      | jasper the Armataur Cinder Acolyte began the quest for the
                  | Orb.
     0 | D:1      | Reached XP level 1. HP: 18/18 MP: 2/2
   183 | D:1      | Reached skill level 3 in Maces & Flails
   370 | D:1      | Reached XP level 2. HP: 21/25 MP: 3/3
   648 | D:1      | Reached XP level 3. HP: 28/30 MP: 4/4
   755 | D:1      | Reached skill level 4 in Maces & Flails
  1560 | D:2      | Slain by a ribbon worm

Illustrated notes

Levels and vault maps discovered:
D:1:      mrwooster_arrival_statue_3, layout_loops_cross
D:2:      layout_basic, serial_co_window_serial, co_window_paths_b,
          co_window_paths_a, co_window_corner_a, co_window_paths_b,
          co_window_corner_a, co_window_corner_a, co_window_paths_a,
          co_window_corner_ca, co_window_2corner, co_window_unsneaky_path_d,
          co_window_of_opportunity_c, co_window_of_opportunity_b,
          co_window_2corner, co_window_4corner_b

Skill      XL: |  1  2  3 |
---------------+----------+-----
Maces & Flails | 3 4 |  4.4
Fighting       | |  2.6
Spellcasting   | |  1.0
Fire Magic     | |  2.6

Action                     || total
---------------------------++-------
  Melee: Mace              ||    48
         Tailslap          ||     5
         Flail             ||    55
         Punch             ||     1
   Fire: Sling             ||    23
  Throw: Boomerang         ||     3
 Invoke: Fiery Armour      ||     2
 Armour: Chain mail        ||   134
         Robe              ||     2
  Dodge: Dodged            ||    41

Table legend: (Time is in decaauts)
 A = Elapsed time spent in this place.
 B = Non-inter-level travel time spent in this place.
 C = Inter-level travel time spent in this place.
 D = Time resting spent in this place.
 E = Time spent auto-exploring this place.
 F = Levels seen in this place.
 G = Mean time per level.
                   A        B        C        D        E       F      G
               +--------+--------+--------+--------+--------+-----+--------+
         Total |   1590 |   1414 |    176 |    180 |    233 |   2 |  795.0 |
       Dungeon |   1590 |   1414 |    176 |    180 |    233 |   2 |  795.0 |
               +--------+--------+--------+--------+--------+-----+--------+

Top non-repeatable levels by time:
     D:1: 933 daAuts
     D:2: 657 daAuts
